 Dungeon Crawl Stone Soup version 0.18.1-5-g4a78601 (webtiles) character file.

73 Hipnos the Magician (level 4, -5/24 HPs)
             Began as a Deep Elf Wizard on May 9, 2016.
             Slain by an orc
             ... wielding a +0 whip
              (8 damage)
             ... on level 3 of the Dungeon.
             The game lasted 00:07:41 (1789 turns).

Hipnos the Magician (Deep Elf Wizard)               Turns: 1789, Time: 00:07:42

Health: -5/24      AC:  3    Str:  4    XL:     4   Next: 8%
Magic:  10/13      EV: 13    Int: 24    God:
Gold:   73         SH:  0    Dex: 13    Spells: 3 memorised, 9 levels left

rFire  . . .     SeeInvis .     i - +1 dagger (venom)
rCold  . . .     Gourm    .     a - +0 robe
rNeg   . . .     Faith    .     (no shield)
rPois  .         Spirit   .     b - +0 hat
rElec  .         Dismiss  .     (no cloak)
rCorr  .         Reflect  .     (no gloves)
SustAt .         Harm     .     j - +0 pair of boots
MR     .....                    (no amulet)
Stlth  ++........               (no ring)
                                (no ring)

@: not resistant to hostile enchantments, unstealthy
A: no striking features
a: no special abilities


You were on level 3 of the Dungeon.
You were hungry.

You visited 1 branch of the dungeon, and saw 3 of its levels.

You collected 73 gold pieces.

Inventory:

Hand Weapons
 i - a +1 dagger of venom (weapon)
Armour
 a - a +0 robe (worn)
 b - a +0 hat (worn)
 j - a +0 pair of boots (worn)
Scrolls
 e - 2 scrolls of teleportation
 l - 2 scrolls of blinking
 n - a scroll of fear {unknown}
 r - a scroll of recharging
Potions
 f - a potion of magic
Books
 c - a book of Minor Magic

   Spells                             Type                      Level
   a - Magic Dart                     Conjuration                  1
   b - Blink                          Translocation                2
   c - Call Imp                       Summoning                    2
   d - Repel Missiles                 Charms/Air                   2
   e - Slow                           Hexes                        2
   f - Conjure Flame                  Conjuration/Fire             3
   g - Mephitic Cloud                 Conjuration/Poison/Air       3
Comestibles
 d - 3 bread rations
 g - a beef jerky
 m - 2 fruits
 q - a meat ration


   Skills:
 + Level 2.8 Dodging
 - Level 2.4 Stealth
 + Level 5.7 Spellcasting
 * Level 2.8 Conjurations
 + Level 1.1 Summonings
 + Level 1.1 Translocations


You had 9 spell levels left.
You knew the following spells:

 Your Spells              Type           Power        Failure   Level  Hunger
a - Magic Dart            Conj           ###.         2%          1    None
b - Blink                 Tloc           N/A          10%         2    None
c - Call Imp              Summ           ##......     10%         2    None


Dungeon Overview and Level Annotations

Branches:
Dungeon (2/15)

Altars:
Dithmenos


Message History

The orc wizard barely misses you.
You're too confused to cast spells.
Unknown command.
Drink which item? (? for menu, Esc to quit)
Okay, then.
The orc barely misses you.
The orc wizard hits you but does no damage.
Something hits you but does no damage.
You feel less confused.
The orc wizard hits you but does no damage.
Casting: Magic Dart
Confirm with . or Enter, or press ? or * to list all spells.
You blink.
The orc wizard points at you and mumbles some strange words.
The magic dart hits something.
Something hits you but does no damage.
Casting: Blink
Confirm with . or Enter, or press ? or * to list all spells.
You blink.
The orc hits you with a whip!
You die...

### #.......#
##.......# .........#
#.......########+####
#............o@.....##
#....).......o.......#
#...........o.......#
##...........#.###...#
.....†........#§#
#...#
..............#§#
#...#
.....#+#......#§#
#...# .....
...######§# ###.###
.... ##?.# #.# #.....#


You could see an orc wizard and 2 orcs.

Vanquished Creatures
  2 adders (D:2)
  A worm (D:2)
  A giant gecko (D:1)
  2 ball pythons
  7 bats
  A giant cockroach (D:1)
  7 goblins
  7 hobgoblins
  4 jackals (D:1)
  3 giant newts
  6 kobolds
  7 rats
48 creatures vanquished.

Notes
Turn   | Place    | Note
--------------------------------------------------------------
     0 | D:1      | Hipnos the Deep Elf Wizard began the quest for the Orb.
     0 | D:1      | Reached XP level 1. HP: 10/10 MP: 7/7
   128 | D:1      | Reached XP level 2. HP: 15/15 MP: 5/9
   132 | D:1      | Learned a level 2 spell: Blink
   135 | D:1      | Learned a level 2 spell: Call Imp
   269 | D:1      | Reached skill level 5 in Spellcasting
   738 | D:1      | Reached XP level 3. HP: 19/19 MP: 5/11
  1188 | D:2      | Found a shadowy altar of Dithmenos.
  1525 | D:2      | Reached XP level 4. HP: 23/24 MP: 10/13
  1718 | D:2      | You fall through a shaft!
  1789 | D:3      | Slain by an orc

Skill      XL: |  1  2  3 |
---------------+----------+-----
Spellcasting   | 5 |  5.7
Conjurations   | 2 |  2.8
Dodging        | |  2.8
Stealth        | |  2.4
Summonings     | |  1.1
Translocations | |  1.1

Action                   |  1- 3 |  4- 6 || total
-------------------------+-------+-------++-------
Melee: Dagger            |    30 |     3 ||    33
 Cast: Magic Dart        |    84 |     5 ||    89
       Blink             |     1 |     2 ||     3
  Use: Potion            |     4 |       ||     4
       Scroll            |       |     4 ||     4
 Stab: Sleeping          |     1 |       ||     1
       Invisible         |     1 |       ||     1
  Eat: Chunk             |     2 |       ||     2
Armor: Robe              |     3 |     3 ||     6
       Skin              |     4 |       ||     4
       Leather armour    |     3 |       ||     3
Dodge: Dodged            |    33 |     4 ||    37
